 Dungeon Sprint DCSS version 0.26-b1-45-g23770d1d51 (webtiles) character file.

Game seed: 13968381959982855052

800000 radhat240 the Tortoise (level 11, -26/121 HPs)
             Began as a Deep Dwarf Fighter on Jan 6, 2021.
             Annihilated by a meat berserker
             ... wielding a +9 battleaxe
              (32 damage)
             ... in the Dungeon (Sprint VIII: "Arena of Blood").
             The game lasted 00:01:20 (8 turns).

radhat240 the Tortoise (Deep Dwarf Fighter)            Turns: 8, Time: 00:01:20

Health: -26/121    AC: 10    Str: 22    XL:     11   Next: 71%
Magic:  11/11      EV: 10    Int: 10    God:
Gold:   0          SH:  0    Dex: 12    Spells: 10/10 levels left

rFire    . . .     SeeInvis .   j - +∞ Axe of Woe
rCold    . . .     Faith    .   (shield currently unavailable)
rNeg     . . .     Spirit   .   a - +0 scale mail
rPois    .         Reflect  .   (no helmet)
rElec    .         Harm     .   (no cloak)
rCorr    .         Rampage  .   (no gloves)
Will     +....     NoTele   +   (no boots)
Stlth    ..........             (no amulet)
HPRegen  0.00/turn              (no ring)
MPRegen  0.12/turn              (no ring)

@: non-regenerating
A: damage resistance, heal wounds, sense surroundings 2, no regeneration
a: Heal Wounds


You were in the Dungeon.
You visited 1 branch

Inventory:

Hand Weapons
 j - the +∞ Axe of Woe (weapon)
   (You found it in the Dungeon)
Armour
 a - a +0 scale mail (worn)
 b - a +0 kite shield
Scrolls
 i - a scroll of blinking
Potions
 c - a potion of might
 d - a potion of curing
 e - a potion of heal wounds
 f - a potion of haste
 g - 2 potions of magic
 h - a potion of berserk rage


   Skills:
 + Level 14.6 Fighting
 + Level 5.6 Axes
 + Level 17.8 Armour
 + Level 16.7 Shields
 + Level 7.6 Unarmed Combat


You had 10 spell levels left.
You didn't know any spells.
Your spell library was empty.

Dungeon Overview and Level Annotations

Branches:
Dungeon (1/1)

Altars:
Makhleb


Innate Abilities, Weirdness & Mutations

You are resistant to damage.
You can heal yourself by infusing magical energy.
You passively map the area around you.
You do not regenerate.


Message History

You have reached level 7!
You have reached level 8!
You feel clever.
You have reached level 9!
Your experience leads to an increase in your attributes!
Increase (S)trength, (I)ntelligence, or (D)exterity?
You feel stronger.
Your attunement to dungeon structure grows.
You have reached level 10!
You have reached level 11!
Unknown command.
The bag of meat shouts!
You slice the bag of meat!!
You pulverise the bag of meat into a thin bloody mist.
You kill the bag of meat!
You hit the bag of meat.
You slaughter the bag of meat joyfully.
You kill the bag of meat!
You hear a shout! x11
The meat berserker hits you with a +9 battleaxe!!
You die...

, , , , , , , ,
.. , .., , , ,
,, #. , ,.# , ,,
, * #.. , ..# ,
* , , .###..,
..###., ,, , ,
,...o..###......
, * *,
....._.o... , ,
, *, , #..o.o# ,
* ,, #_O@._# ,,
, , *,, ,
,#...).# , * , *
,....._o...., ,,
, , , ,
.....o###......
, , .###.. ,
..###. , ,, #..
,..# , , , , ,,
#.,, .# ,, , ,*
, .. .. , , ,* ,
, , ,*


You could see a meat berserker (berserk) and 6 bags of meat.

Vanquished Creatures
  3 orcs (D)
3 creatures vanquished.

Notes
Turn   | Place    | Note
-------+----------+-------------------------------------------
     0 | D        | Found the +∞ Axe of Woe
     0 | D        | radhat240 the Deep Dwarf Fighter began the quest for the
                  | Orb.
     0 | D        | Reached XP level 1. HP: 20/20 MP: 1/1
     1 | D        | Noticed a bag of meat
     1 | D        | Noticed a bag of meat
     2 | D        | Noticed a bag of meat
     2 | D        | Noticed a bag of meat
     3 | D        | Noticed a bag of meat
     4 | D        | Noticed a bag of meat
     4 | D        | Noticed a meat berserker
     4 | D        | Noticed a bag of meat
     5 | D        | HP: 1/20 [bag of meat/+9 war axe (15)]
     7 | D        | Killed a bag of meat
     7 | D        | Noticed a bag of meat
     7 | D        | Noticed a bag of meat
     8 | D        | Reached skill level 5 in Axes
     8 | D        | Reached skill level 17 in Armour
     8 | D        | Reached XP level 2. HP: 2/51 MP: 2/2
     8 | D        | Reached XP level 3. HP: 2/58 MP: 3/3
     8 | D        | Reached XP level 4. HP: 3/67 MP: 4/4
     8 | D        | Reached XP level 5. HP: 3/74 MP: 5/5
     8 | D        | Reached XP level 6. HP: 4/82 MP: 6/6
     8 | D        | Reached XP level 7. HP: 4/90 MP: 7/7
     8 | D        | Reached XP level 8. HP: 4/98 MP: 8/8
     8 | D        | Gained mutation: You passively map the area around you.
                  | [Deep Dwarf growth]
     8 | D        | Reached XP level 9. HP: 5/105 MP: 9/9
     8 | D        | Reached XP level 10. HP: 5/114 MP: 10/10
     8 | D        | Reached XP level 11. HP: 6/121 MP: 11/11
     8 | D        | Killed a bag of meat
     8 | D        | Killed a bag of meat
     8 | D        | Annihilated by a meat berserker

Illustrated notes

Levels and vault maps discovered:
D:        meatsprint

Skill      XL: |  1 |
---------------+----+-----
Fighting       | 14 | 14.6
Axes           | 5 |  5.6
Armour         | 17 | 17.8
Shields        | 16 | 16.7
Unarmed Combat | 7 |  7.6

Action                   |  1- 3 |  4- 6 |  7- 9 | 10-12 || total
-------------------------+-------+-------+-------+-------++-------
Melee: Executioner's axe |     1 |       |       |     1 ||     2
